AoeStats
← Malelf

Arabia

509464751Analyzed
1v1 RM · 4d ago on Sep 26, 2026· 47m 14s· 2 players
Game mode
Random Map
Map size
Tiny (2 player)
Population
200
Speed
Normal
Resources
Standard
Victory
Conquest
Starting age
Dark Age
Ending age
Imperial Age
RankedLock teamsTeams togetherTeam positionsShared explorationLock speedFull tech treeHidden civsTurbo modeCheats
Victory
Defeat
🇬🇧 Teutons · United Kingdom
1750
+14
🇮🇹 Mongols · Italy
1703
-14
Malelf
8:53 Loom
11:12 Feudal Age
11:49 Double-Bit Axe
11:45 Horse Collar
11:28 Man-at-Arms
17:46 Forging
18:40 Scale Barding Armor
20:09 Bloodlines
26:15 Castle Age
24:36 Gold Mining
25:56 Wheelbarrow
27:37 Chain Barding Armor
28:10 Bow Saw
28:35 Husbandry
28:36 Town Watch
33:52 Iron Casting
33:36 Stone Mining
35:03 Hand Cart
38:41 Imperial Age
36:33 Hand Cart
37:31 Stone Shaft Mining
37:35 Gold Shaft Mining
39:07 Capped Ram
40:17 Fletching
41:29 Blast Furnace
39:53 Heavy Camel Rider
41:13 Ballistics
41:54 Chemistry
41:05 Masonry
41:37 Bodkin Arrow
42:55 Conscription
43:36 Conscription
43:27 Padded Archer Armor
44:10 Light Cavalry
45:20 Conscription
44:54 Elite Mangudai
45:48 Bracer
46:22 Elite Mangudai
Caesar_Red
7:05 Loom
10:19 Feudal Age
11:08 Double-Bit Axe
18:17 Horse Collar
22:36 Castle Age
21:10 Bloodlines
21:32 Scale Mail Armor
26:40 Wheelbarrow
29:03 Scale Barding Armor
29:01 Fletching
30:16 Chain Barding Armor
30:07 Forging
30:05 Pikeman
32:27 Chain Mail Armor
33:33 Stone Mining
33:36 Gold Mining
33:38 Town Watch
34:27 Squires
35:30 Hand Cart
39:08 Imperial Age
36:45 Bodkin Arrow
39:27 Iron Casting
39:49 Devotion
40:27 Plate Barding Armor
40:55 Chemistry
39:49 Cavalier
41:14 Masonry
43:08 Blast Furnace
42:38 Ballistics
43:23 Plate Mail Armor
42:14 Halberdier
43:30 Crenellations
44:56 Conscription
Connection lost

Rejoining the realm…

Still unreachable

The connection could not be restored.

Session expired

The server has moved on; the page needs a fresh start.